 Dungeon Crawl Stone Soup version 0.18.1-50-g88ac8fd (webtiles) character file.

160 Iflex the Poker (level 5, -6/40 HPs)
             Began as a Merfolk Gladiator on Oct 1, 2016.
             Killed by divine providence
             ... invoked by an orc priest
              (13 damage)
             ... on level 4 of the Dungeon on Oct 2, 2016.
             The game lasted 00:07:13 (2474 turns).

Iflex the Poker (Merfolk Gladiator)                 Turns: 2474, Time: 00:07:13

Health: -6/40      AC:  4    Str: 17    XL:     5   Next: 41%
Magic:  5/5        EV: 14    Int:  7    God:
Gold:   176        SH:  0    Dex: 14    Spells: 0 memorised, 4 levels left

rFire  . . .     SeeInvis .     a - +0 trident
rCold  . . .     Gourm    .     b - +0 leather armour
rNeg   . . .     Faith    .     (no shield)
rPois  .         Spirit   .     c - +0 helmet
rElec  .         Dismiss  .     (no cloak)
rCorr  +         Reflect  .     (no gloves)
SustAt .         Harm     .     (no boots)
MR     .....                    (no amulet)
Stlth  ++........               (no ring)
                                j - ring of resist corrosion

@: not resistant to hostile enchantments, unstealthy
A: change form in water, swift swim
a: no special abilities


You were on level 4 of the Dungeon.
You were not hungry.

You visited 1 branch of the dungeon, and saw 4 of its levels.

You collected 176 gold pieces.

Inventory:

Hand Weapons
 a - a +0 trident (weapon)
Missiles
 d - a throwing net (quivered)
Armour
 b - a +0 leather armour (worn)
 c - a +0 helmet (worn)
Jewellery
 j - a ring of resist corrosion (left hand)
 q - an uncursed ring of loudness
Scrolls
 e - a scroll of recharging {unknown}
 h - 2 scrolls of fog
 o - a scroll of immolation
Potions
 f - 2 potions of curing {unknown}
 i - 2 potions of lignification {unknown}
 m - a potion of cure mutation {unknown}
Comestibles
 g - 2 meat rations
 k - a beef jerky


   Skills:
 + Level 2.9 Fighting
 + Level 5.7 Polearms
 + Level 2.0 Throwing
 + Level 1.0 Armour
 + Level 5.3 Dodging
 + Level 2.5 Stealth


You had 4 spell levels left.
You didn't know any spells.

Dungeon Overview and Level Annotations

Branches:
Dungeon (4/15)
 Temple: D:4-7

Altars:
Elyvilon
Gozag
Yredelemnul
Zin
The Shining One

Annotations:
D:4 Edmund


Message History

The orc priest hits you but does no damage.
The orc misses you.
You see here a throwing net.
The orc priest barely misses you.
Edmund the Younger comes into view.
He is wielding a flail of crushing.
Edmund shouts!
The orc misses you. The orc priest barely misses you.
You see here a throwing net.
d - a throwing net The orc closely misses you.
The orc hits you with a dagger.
The orc priest calls down the wrath of Beogh upon you.
Pain shoots through your body! The orc misses you.
The orc priest calls down the wrath of Beogh upon you.
Beogh smites you!
* * * LOW HITPOINT WARNING * * *
You are too injured to fight recklessly!
The orc priest invokes the aid of Beogh against you.
Beogh smites you!
You die...

....####.....#
...#......###
#........(#
######.........###
#................#
#...........@o...#
#................#
#....o....#.oo...#
#.......#....@...#
#............#####
#.....##....#
##<#...'....#
#.##.##...##
#.##.##...#
#.##.###### #.##.#
#....#


You could see Edmund, an orc priest and 2 orcs.

Vanquished Creatures
  A crimson imp (D:4)
  A hound (D:4)
  5 adders
  A dart slug (D:1)
  3 giant geckos
  4 giant cockroaches
  4 goblins
  7 hobgoblins
  3 jackals (D:1)
  7 bats
  3 giant newts
  4 kobolds
  4 rats
  A spectral orc (D:3)
48 creatures vanquished.

Notes
Turn   | Place    | Note
--------------------------------------------------------------
     0 | D:1      | Iflex the Merfolk Gladiator began the quest for the Orb.
     0 | D:1      | Reached XP level 1. HP: 16/16 MP: 1/1
   248 | D:1      | Reached XP level 2. HP: 22/22 MP: 2/2
   290 | D:1      | Reached skill level 5 in Polearms
   743 | D:1      | Reached XP level 3. HP: 28/28 MP: 3/3
  1245 | D:2      | Reached skill level 1 in Stealth
  1434 | D:2      | You fall through a shaft!
  1434 | D:3      | Found an opulent altar of Gozag.
  1504 | D:3      | Reached XP level 4. HP: 31/34 MP: 4/4
  1595 | D:3      | Found a basalt altar of Yredelemnul.
  2261 | D:3      | Found a white marble altar of Elyvilon.
  2261 | D:3      | Found a glowing golden altar of the Shining One.
  2262 | D:3      | Found a glowing silver altar of Zin.
  2431 | D:4      | Reached skill level 5 in Dodging
  2431 | D:4      | Reached XP level 5. HP: 40/40 MP: 5/5
  2439 | D:4      | Reached skill level 1 in Armour
  2469 | D:4      | Noticed Edmund
  2474 | D:4      | Killed from afar by an orc priest

Skill      XL: |  1  2  3  4  5 |
---------------+----------------+-----
Polearms       | 5 |  5.7
Stealth        | 1 2 |  2.5
Dodging        | 5 |  5.3
Armour         | 1 |  1.0
Fighting       | |  2.9
Throwing       | |  2.0

Action                   |  1- 3 |  4- 6 || total
-------------------------+-------+-------++-------
Melee: Trident           |   104 |    80 ||   184
Throw: Throwing net      |     1 |     4 ||     5
  Use: Scroll            |       |     3 ||     3
 Stab: Sleeping          |     6 |     2 ||     8
       Held in net/web   |     1 |     1 ||     2
  Eat: Bread ration      |     1 |     1 ||     2
Armor: Leather armour    |    35 |    18 ||    53
Dodge: Dodged            |    84 |    62 ||   146
